 Dungeon Crawl Stone Soup version 0.31-a0-214-gb37851dbb3 (webtiles) character file.

Game seed: 10404038336705509302

18 qw the Shield-Bearer (level 2, 0/19 HPs)
             Began as a Gargoyle Fighter on July 1, 2023.
             Slain by a ball python (2 damage)
             ... on level 1 of the Dungeon.
             The game lasted 00:00:19 (376 turns).

qw the Shield-Bearer (Gargoyle Fighter)              Turns: 376, Time: 00:00:20

Health: 0/19       AC:  9    Str: 19    XL:     2   Next: 66%
Magic:  2/2        EV:  6    Int:  8    God:
Gold:   28         SH:  4    Dex:  9    Spells: 1/1 levels left

rFire   . . .        a - +0 war axe
rCold   . . .        c - +0 buckler
rNeg    + . .        b - +0 scale mail
rPois   inf          (no helmet)
rElec   +            (no cloak)
rCorr   .            (no gloves)
SInv    .            (no boots)
Will    .....        (no amulet) Stlth
                     (no ring)
HPRegen 0.23/turn    (no ring)
MPRegen 0.08/turn

%: no passive effects
@: constricted
A: sickness immunity, AC +2, negative energy resistance 1, electricity
resistance, torment resistance 1, petrification resistance
a: no special abilities


You were on level 1 of the Dungeon.
You visited 1 branch of the dungeon, and saw 1 of its levels.

You collected 28 gold pieces.


Innate Abilities, Weirdness & Mutations

You are immune to sickness and miasma.
Your stone body is resilient. (AC +2)
You are immune to poison.
You resist negative energy. (rN+)
You are resistant to electric shocks. (rElec)
You are resistant to unholy torment.
You are immune to petrification.


   Skills:
 - Level 3.2 Fighting
 + Level 2.9 Axes
 - Level 3.2 Armour
 - Level 3.2 Shields


You had one spell level left.
You didn't know any spells.
Your spell library was empty.

Inventory:

Hand Weapons
 a - a +0 war axe (weapon)
 f - a +0 whip
Armour
 b - a +0 scale mail (worn)
 c - a +0 buckler (worn)
 e - a +0 chain mail
Scrolls
 g - a scroll of silence {unknown}
 h - a scroll of noise {unknown}
 i - a scroll of identify {unknown}
Potions
 d - a potion of might
 j - a potion of attraction {unknown}

Dungeon Overview and Level Annotations

Branches:
Dungeon (1/15)

Altars:


Message History

Enter note:
Enter note:
Enter note:
j - a puce potion
Found a ring mail.
Enter note:
Enter note:
Enter note: A gnoll comes into view. It is wielding a +0 club.
The gnoll shouts!
A ball python comes into view.
Enter note:
Enter note:
Enter note: You closely miss the gnoll.
You barely miss the ball python. The ball python bites you.
You block the ball python's attack. The gnoll hits you but does no damage.
The ball python barely misses you. The ball python grabs you.
The ball python constricts you.
You closely miss the ball python. You hit the gnoll.
The gnoll hits you with a +0 club!
The ball python bites you but does no damage.
The ball python constricts you. You block the gnoll's attack.
The ball python bites you but does no damage.
The ball python constricts you.
You barely miss the ball python. You barely miss the gnoll.
The ball python closely misses you. The ball python constricts you.
The gnoll hits you but does no damage.
You closely miss the ball python. You barely miss the gnoll.
The ball python bites you but does no damage.
The ball python constricts you. The gnoll closely misses you.
The ball python bites you. The ball python constricts you.
The gnoll hits you with a +0 club.
You closely miss the ball python. You hit the gnoll.
The ball python bites you but does no damage.
The ball python constricts you. The gnoll barely misses you.
You closely miss the ball python. You hit the gnoll.
The ball python bites you but does no damage.
The ball python constricts you. The gnoll barely misses you.
The ball python bites you.
You die...

...........## ... .. ....
.....#.....# ..# #.# .# #..#
##^...#...... ..###... .##..#
....#.....## ..#..... ##.....#
##.......... ....##.# ...
.!.#####.........## ..#
#.###.####........#.......## ..##
#.....##..gS.............%..
...###.#..#.....@........#.......
...##).%....#......#.....###.....
..........###.....##.....# ##....
...%..###..##.....######.# #....
...).#####........# #..# #....
.....###...##>....#####.## #....
..............>.........# #....
............##########..# ##.[..
..................##########...##


You could see a gnoll and a ball python.

Vanquished Creatures
  A dart slug (D:1)
  A ball python (D:1)
  2 endoplasms (D:1)
  2 goblins (D:1)
  2 hobgoblins (D:1)
  A quokka (D:1)
  3 bats (D:1)
  2 kobolds (D:1)
14 creatures vanquished.

Notes
Turn   | Place    | Note
-------+----------+-------------------------------------------
     0 | D:1      | qw the Gargoyle Fighter began the quest for the Orb.
     0 | D:1      | Reached XP level 1. HP: 14/14 MP: 1/1
     0 | D:1      | 0 ||| qw: Version: 0.3-a-32-g5962c71
     0 | D:1      | 0 ||| qw: Game counter: 7588
     0 | D:1      | 0 ||| qw: Melee chars always use a shield: true
     0 | D:1      | 0 ||| qw: God list: Okawaru
     0 | D:1      | 0 ||| qw: Allow faded altars: false
     0 | D:1      | 0 ||| qw: Do Orc after clearing Dungeon:15 true
     0 | D:1      | 0 ||| qw: Do second Lair branch before Depths: true
     0 | D:1      | 0 ||| qw: Lair rune preference: random
     0 | D:1      | 0 ||| qw: Goals: Normal, Zot:1-4, Slime:5, God:TSO, Crypt,
                  | Tomb, Abyss, Pan, Hells, Win
     0 | D:1      | 0 ||| PLANNING D:1-11
   164 | D:1      | Reached XP level 2. HP: 19/19 MP: 2/2
   168 | D:1      | 168 ||| Stepping ~*~*~tactically~*~*~ (hiding).
   220 | D:1      | 220 ||| Stepping ~*~*~tactically~*~*~ (stealth).
   374 | D:1      | HP: 1/19 [gnoll/+0 club (5)]
   376 | D:1      | Slain by a ball python

Levels and vault maps discovered:
D:1:      lightli_arrival_windingriver, layout_rooms, serial_shops,
          nicolae_shop_statue_plus, minmay_indecisive_spiral

Skill      XL: |  1 |
---------------+----+-----
Axes           | 2 |  2.9
Fighting       | |  3.2
Armour         | |  3.2
Shields        | |  3.2

Action                     || total
---------------------------++-------
  Melee: War axe           ||    54
 Armour: Scale mail        ||    31
  Dodge: Dodged            ||    34
  Block: Buckler           ||     9

Table legend:
 A = Non-vault XP
 B = Vault XP
 C = Vault XP percentage of total XP
 D = Non-vault monster count
 E = Vault monster count
 F = Vault count percentage of total count
                 A         B        C        D         E       F
            +---------+---------+-------+---------+---------+-------
      Total |      26 |       0 |   0.0 |      14 |       0 |   0.0
            +---------+---------+-------+---------+---------+-------
        D:1 |      26 |       0 |   0.0 |      14 |       0 |   0.0
            +---------+---------+-------+---------+---------+-------
